 Dungeon Crawl Stone Soup version 0.20.0-4-g10b340a (webtiles) character file.

118942 Gorglomux the Basher (level 17, -8/140 HPs)
             Began as a Formicid Enchanter on May 27, 2017.
             Was a High Priest of Okawaru.
             Killed from afar by a shock serpent (19 damage)
             ... with a bolt of electricity
             ... on level 2 of the Snake Pit.
             The game lasted 01:19:44 (42940 turns).

Gorglomux the Basher (Formicid Enchanter)          Turns: 42940, Time: 01:19:45

Health: -8/140     AC: 25    Str: 17    XL:     17   Next: 33%
Magic:  32/32      EV: 12    Int: 17    God:    Okawaru [*****.]
Gold:   2797       SH: 15    Dex: 12    Spells: 20/20 levels left

rFire    + . .     SeeInvis +   F - +7 great mace (venom)
rCold    + . .     Gourm    .   a - +2 shield {rC+}
rNeg     . . .     Faith    .   A - +3 plate armour {rF+}
rPois    +         Spirit   .   (helmet unavailable)
rElec    .         Reflect  .   D - +0 cloak
rCorr    .         Harm     .   (no gloves)
MR       +....                  i - +1 pair of boots {run}
Stlth    ..........             r - amulet of regeneration
Regen    0.8/turn               o - ring of poison resistance
MPRegen  0.3/turn               N - ring of the Purple Skies {+Inv MP+9}

@: heroism, drained, quick
A: permanent stasis, dig shafts and tunnels, four strong arms, antennae 3
a: Dig, Shaft Self, Heroism, Finesse, Renounce Religion, Evoke Invisibility


You were on level 2 of the Snake Pit.
You worshipped Okawaru.
Okawaru was extremely pleased with you.
You were hungry.

You visited 5 branches of the dungeon, and saw 26 of its levels.
You also visited: Ice Cave.

You collected 3197 gold pieces.
You spent 400 gold pieces at shops.

Inventory:

Hand Weapons
 F - a +7 great mace of venom (weapon)
 T - the +7 flail of Armageddon {god gift, flame, Str+3}
   (Okawaru gifted it to you on level 6 of the Lair of Beasts)

   It has been specially enchanted to burn those struck by it, causing extra
   injury to most foes and up to half again as much damage against particularly
   susceptible opponents.
   It affects your strength (+3).
Missiles
 t - 7 javelins (quivered)
 J - 8 javelins of returning {god gift}
 Z - a throwing net
Armour
 a - a +2 shield of cold resistance (worn)
 i - a +1 pair of boots of running (worn)
 v - a +0 pair of boots of flying {god gift}
 A - a +3 plate armour of fire resistance (worn)
 D - a +0 cloak (worn)
Jewellery
 o - a ring of poison resistance (left hand)
 r - an amulet of regeneration (around neck)
 N - the ring of the Purple Skies (right hand) {+Inv MP+9}
   (You found it on level 7 of the Dungeon)

   [ring of magical power]

   It affects your magic capacity (+9).
   It lets you turn invisible.
Wands
 m - a wand of paralysis (20/24)
 q - a wand of lightning (6/15)
 s - a wand of paralysis (14/24)
 u - a wand of iceblast (8/15)
 I - a wand of iceblast (2/15)
 L - a wand of lightning (7/15)
 P - a wand of paralysis (6/24)
 X - a wand of lightning (10/15)
Scrolls
 n - 12 scrolls of remove curse
 x - 3 scrolls of fog
 y - a scroll of amnesia
 B - a scroll of silence
 Q - 2 scrolls of magic mapping
 R - 3 scrolls of identify
 S - 2 scrolls of fear
 U - 3 scrolls of recharging
 W - 4 scrolls of immolation
Potions
 k - 2 potions of agility
 l - 10 potions of curing
 w - a potion of flight
 E - 2 potions of mutation {unknown}
 H - a potion of ambrosia
 K - 3 potions of might
 Y - 2 potions of magic
Books
 c - a book of Maledictions

   Spells                             Type                      Level
   a - Corona                         Hexes                        1
   b - Ensorcelled Hibernation        Hexes/Ice                    2
   c - Confuse                        Hexes                        3
   d - Tukima's Dance                 Hexes                        3
   e - Dazzling Spray                 Conjuration/Hexes            3
 C - a book of Frost

   Spells                             Type                      Level
   a - Freeze                         Ice                          1
   b - Throw Frost                    Conjuration/Ice              2
   c - Ozocubu's Armour               Charms/Ice                   3
   d - Throw Icicle                   Conjuration/Ice              4
   e - Summon Ice Beast               Ice/Summoning                4
 O - a book of Changes

   Spells                             Type                      Level
   a - Beastly Appendage              Transmutation                1
   b - Sticks to Snakes               Transmutation                2
   c - Spider Form                    Transmutation/Poison         3
   d - Ice Form                       Ice/Transmutation            4
   e - Blade Hands                    Transmutation                5
Miscellaneous
 V - a phantom mirror
Comestibles
 d - 11 bread rations
 f - 14 fruits
 z - 9 meat rations
 M - 19 royal jellies


   Skills:
 + Level 14.6(18.3) Fighting
   Level 1.2(5.3) Short Blades
 + Level 14.7(18.5) Maces & Flails
 - Level 12.6(16.5) Armour
 - Level 11.2(15.0) Dodging
 - Level 3.6(7.6) Stealth
 + Level 10.2(14.1) Shields
 - Level 2.1(1.4) Spellcasting
   Level 3.6(2.8) Hexes
 - Level 9.0(8.0) Invocations
 - Level 9.3(8.3) Evocations


You had 20 spell levels left.
You didn't know any spells.

Dungeon Overview and Level Annotations

Branches:
Dungeon (15/15)            Temple (1/1) D:6            Lair (6/6) D:11
  Swamp (0/4) Lair:4        Snake (2/4) Lair:2        Slime (0/5) Lair:6
    Orc (2/2) D:10            Elf (0/3) Orc:2        Vaults (0/5) D:14
 Depths (0/5) D:15

Altars:
Cheibriados
Dithmenos
Elyvilon
Fedhas
Gozag
Hepliaklqana
Makhleb
Nemelex Xobeh
Okawaru
Qazlal
Ru
Sif Muna
Trog
Uskayaw
Vehumet
Xom
Yredelemnul
Zin
The Shining One
Beogh
Jiyva
Lugonu

Shops:
D:11 }   Orc:1 %(=}   Orc:2 :(*[

Annotations:
D:7 MDvedh's ghost, novice TeAs
D:14 1 transporter
Lair:6 exclusion: 4 oklob plants


Innate Abilities, Weirdness & Mutations

You cannot be hasted, slowed, berserked, paralysed or teleported.
You can dig through walls and to a lower floor.
Your four strong arms can wield two-handed weapons with a shield.
You have a pair of large antennae on your head. (SInv)


Message History

You dig through the rock wall.
The shock serpent shoots out a bolt of lightning at you!
The bolt of electricity hits you!
* * * LOW HITPOINT WARNING * * *
The bolt of electricity misses you.
The bolt of electricity hits the shock serpent.
The shock serpent completely resists.
Fire/throw which item? (* to show all) (? for menu, Esc to quit)
Press: ? - help, Shift-Dir - straight line, f/p - shock serpent
Aim: a shock serpent You throw a throwing net.
The throwing net barely misses the shock serpent.
Fire/throw which item? (* to show all) (? for menu, Esc to quit)
Press: ? - help, Shift-Dir - straight line, f/p - shock serpent
Aim: a shock serpent You throw a throwing net.
The throwing net barely misses the shock serpent.
The shock serpent shoots out a bolt of lightning at you!
The bolt of electricity hits you!
You die...

###....#..#.........#)#.#.
##..####..........##.###
##. ##{{.........####
####{#.........##
#{###.......#####
##.#####.##.#.#.# #(##
##.##.#)## ##S## #..#####
##@# ##..### ### ###...#
##...#...# ##...####.#
##...## .# ##(..## #
##..### ##..## ##..##


You could see a shock serpent.

Vanquished Creatures
  Frances (D:14)
  A nagaraja (Snake:2)
  A fire giant (D:15)
  3 orc warlords
  A stone giant (Orc:2)
  The ghost of Larmestyx the Brawler, a journeyman TrMo of Okawaru (D:12)
  2 naga warriors (Snake:1)
  9 hydras
  A catoblepas (Lair:4)
  7 centaur warriors
  Erica (D:11)
  The ghost of asdu the Cleaver, a novice DDAK of Makhleb (D:12)
  A merfolk avatar (Lair:6)
  6 anacondas (Snake:1)
  2 dancing weapons (D:14)
  A death yak (Lair:4)
  2 tengu warriors (D:13)
  3 naga sharpshooters (Snake:1)
  8 two-headed ogres
  2 shock serpents
  4 orc high priests (Orc:2)
  Urug (Lair:2)
  Sonja (D:10)
  A salamander mystic (Snake:2)
  3 skeletal warriors (D:15)
  4 unseen horrors
  A naga ritualist (Snake:1)
  2 sea snakes (Lair:6)
  5 orc knights
  A lindwurm (Lair:6)
  A mana viper (Snake:1)
  10 ugly things
  5 orc sorcerers (Orc:2)
  6 salamanders
  A deep elf mage (D:14)
  2 manticores
  4 cyclopes
  6 elephants (Lair:6)
  2 centaur zombies (D:14)
  2 guardian serpents (Snake:1)
  Psyche (D:9)
  11 naga magi
  15 black mambas
  A torpor snail (Lair:6)
  8 spiny frogs
  14 rime drakes
  A kobold demonologist (D:12)
  An efreet (D:14)
  11 komodo dragons
  7 polar bears
  3 hornets (Lair:6)
  A wind drake (Lair:6)
  5 trolls
  The ghost of Iflex the Poker, an amateur DsGl (D:4)
  6 slime creatures (D:14)
  A harpy skeleton (D:15)
  A meliai zombie (D:15)
  18 hippogriffs
  A wraith (D:15)
  12 wyverns
  Sigmund (D:3)
  A vampire (D:10)
  2 water elementals
  4 basilisks
  20 yaks
  2 hungry ghosts (D:10)
  9 nagas
  3 vampire mosquitoes (D:14)
  5 wargs
  16 water moccasins
  A soldier ant (D:14)
  A hell hound (Lair:4)
  9 porcupines
  A swamp drake (shapeshifter) (D:15)
  An ice beast (D:5)
  3 sky beasts
  38 orc warriors
  4 phantoms
  2 black bears
  22 ogres
  A necrophage (D:9)
  8 centaurs
  7 wolves
  15 crocodiles
  Blork the orc (D:5)
  27 bullfrogs
  2 big kobolds (D:12)
  6 scorpions
  2 wyvern skeletons
  17 wights
  8 howler monkeys
  An electric eel (Snake:1)
  8 crimson imps
  A bullfrog zombie (D:6)
  18 orc priests
  6 jellies
  30 orc wizards
  6 centaur skeletons
  11 hounds
  A bullfrog skeleton (D:9)
  5 gnoll shamans
  8 iguanas
  Natasha (thrice) (D:3)
  7 worker ants
  2 hound skeletons
  3 worker ant zombies
  45 gnolls
  A howler monkey skeleton (D:5)
  7 adders
  5 shadow imps
  5 white imps
  5 ufetubi (IceCv)
  8 oozes
  2 adder skeletons
  An adder zombie (D:6)
  3 worms
  2 dart slugs
  5 leopard geckos
  104 orcs
  2 ball pythons
  7 bats
  5 giant cockroaches
  6 goblins
  5 hobgoblins
  20 jackals
  3 quokkas
  5 frilled lizards
  A goblin zombie (D:5)
  10 kobolds
  A quokka skeleton (D:8)
  A quokka zombie (D:5)
  9 rats
852 creatures vanquished.

Vanquished Creatures (collateral kills)
  An orc (D:7)
1 creature vanquished.

Vanquished Creatures (others)
  A howler monkey (D:9)
  An orc wizard (Orc:2)
  An orc priest (Orc:2)
  A white imp (IceCv)
  17 fungi
  22 plants
43 creatures vanquished.

Grand Total: 896 creatures vanquished

Notes
Turn   | Place    | Note
-------+----------+-------------------------------------------
     0 | D:1      | Gorglomux the Formicid Enchanter began the quest for the Orb.
     0 | D:1      | Reached XP level 1. HP: 13/13 MP: 3/3
   251 | D:1      | Reached skill level 1 in Maces & Flails
   251 | D:1      | Reached XP level 2. HP: 16/19 MP: 5/5
  1186 | D:2      | Reached XP level 3. HP: 24/24 MP: 6/6
  2453 | D:2      | Reached skill level 3 in Maces & Flails
  2453 | D:2      | Reached XP level 4. HP: 30/30 MP: 7/7
  2871 | D:3      | Noticed Natasha
  2881 | D:3      | Killed Natasha
  3892 | D:3      | Found a faded altar of an unknown god.
  3959 | D:3      | Reached XP level 5. HP: 26/35 MP: 8/8
  4276 | D:3      | Noticed Natasha
  4308 | D:3      | Killed Natasha
  4319 | D:3      | Reached skill level 1 in Shields
  4394 | D:3      | Noticed Natasha
  4620 | D:4      | Noticed Iflex's ghost (amateur DsGl)
  4709 | D:3      | Reached XP level 6. HP: 22/41 MP: 9/9
  4912 | D:3      | Killed Natasha
  5230 | D:3      | Reached skill level 3 in Shields
  5304 | D:4      | Noticed a phantom
  5416 | D:3      | Noticed an ogre
  6031 | D:3      | Reached XP level 7. HP: 40/46 MP: 10/10
  6654 | D:3      | HP: 2/47 [ogre/giant club (17)]
  6655 | D:3      | Reached skill level 1 in Fighting
  6655 | D:3      | Reached skill level 1 in Armour
  7463 | D:3      | You fall through a shaft!
  7463 | D:4      | Found a bloodstained altar of Trog.
  7463 | D:4      | Found a hide-covered altar of Uskayaw.
  7474 | D:4      | Reached XP level 8. HP: 15/57 MP: 11/11
  7738 | D:4      | Reached skill level 6 in Maces & Flails
  7742 | D:4      | Found a hazy altar of Hepliaklqana.
  7747 | D:4      | Found a deep blue altar of Sif Muna.
  7848 | D:4      | Reached skill level 3 in Fighting
  7848 | D:4      | Reached skill level 3 in Dodging
  7876 | D:4      | HP: 2/58 [iguana (4)]
  8171 | D:4      | You fall through a shaft!
  8171 | D:5      | Entered Level 5 of the Dungeon
  8311 | D:5      | Reached skill level 3 in Armour
  8544 | D:5      | Noticed Blork the orc
  8565 | D:5      | Killed Blork the orc
  9185 | D:4      | Reached XP level 9. HP: 34/65 MP: 12/12
  9861 | D:4      | You fall through a shaft for 3 floors!
  9991 | D:7      | Noticed MDvedh's ghost (novice TeAs)
 10300 | D:6      | Found a staircase to the Ecumenical Temple.
 10310 | Temple   | Entered the Ecumenical Temple
 10435 | Temple   | Became a worshipper of Warmaster Okawaru
 11108 | D:6      | Found a sparkling altar of Nemelex Xobeh.
 11884 | D:4      | Killed Iflex's ghost
 12558 | D:3      | Reached * piety under Okawaru
 12707 | D:3      | Noticed Sigmund
 12838 | D:3      | Killed Sigmund
 12838 | D:3      | Reached XP level 10. HP: 76/76 MP: 13/13
 13291 | D:3      | Reached skill level 6 in Fighting
 13580 | D:5      | Reached skill level 6 in Armour
 13857 | D:7      | Got a flickering wooden ring
 13858 | D:7      | Identified the ring of the Purple Skies {+Inv MP+9} (You found it on level 7 of the Dungeon)
 14439 | D:7      | Found a blossoming altar of Fedhas.
 14505 | D:7      | Reached skill level 6 in Dodging
 14890 | D:7      | Noticed a two-headed ogre
 14918 | D:7      | Killed a two-headed ogre
 14918 | D:7      | Reached ** piety under Okawaru
 15444 | D:8      | Noticed Psyche
 16050 | D:8      | Reached skill level 9 in Maces & Flails
 16580 | D:8      | Reached XP level 11. HP: 64/84 MP: 14/14
 16716 | D:9      | Noticed a two-headed ogre
 16739 | D:9      | Killed a two-headed ogre
 16739 | D:9      | Reached *** piety under Okawaru
 17003 | D:9      | Noticed a two-headed ogre
 17016 | D:9      | Killed Psyche
 17025 | D:9      | Killed a two-headed ogre
 17915 | D:9      | Noticed a two-headed ogre
 17939 | D:9      | Killed a two-headed ogre
 17939 | D:9      | Reached **** piety under Okawaru
 18137 | D:9      | Noticed a brown ugly thing
 18159 | D:9      | Killed a brown ugly thing
 18562 | D:10     | Entered Level 10 of the Dungeon
 18787 | D:10     | Noticed Sonja
 18793 | D:10     | Killed Sonja
 18793 | D:10     | Reached skill level 9 in Armour
 18898 | D:10     | Found a staircase to the Orcish Mines.
 19105 | D:10     | Reached skill level 9 in Fighting
 19165 | D:10     | Reached XP level 12. HP: 43/95 MP: 15/15
 19361 | D:10     | Reached skill level 1 in Invocations
 19481 | D:10     | Reached ***** piety under Okawaru
 20018 | D:11     | Noticed Erica
 20053 | D:11     | Killed Erica
 20154 | D:11     | Noticed a seven-headed hydra
 20167 | D:11     | Killed a seven-headed hydra
 20494 | D:11     | Reached skill level 3 in Invocations
 20574 | D:11     | Found a staircase to the Lair.
 20636 | D:11     | Received a gift from Okawaru
 20639 | D:11     | Got a pair of transparent boots {god gift}
 20650 | D:11     | Identified the +2 pair of boots "Nipaonwu" {god gift, rN+} (Okawaru gifted it to you on level 11 of the Dungeon)
 20796 | D:11     | Found Wailout's Gadget Boutique.
 20886 | D:11     | Noticed an unseen horror
 21035 | D:11     | Killed an unseen horror
 21404 | D:11     | Noticed a centaur warrior
 21422 | D:11     | Killed a centaur warrior
 21445 | Lair:1   | Entered Level 1 of the Lair of Beasts
 21555 | Lair:1   | HP: 1/145 [polar bear (7)]
 21563 | Lair:1   | HP: 2/145 [polar bear (5)]
 21583 | Lair:1   | HP: 7/145 [porcupine's spines (5)]
 23085 | Lair:2   | Got a distressingly furry chain mail
 23096 | Lair:2   | Identified the +1 chain mail of an ossuary {+Inv} (You found it on level 2 of the Lair of Beasts)
 23128 | Lair:2   | Reached skill level 9 in Dodging
 23142 | Lair:2   | Reached XP level 13. HP: 47/103 MP: 16/16
 23943 | Lair:2   | Noticed Urug
 23971 | Lair:2   | Killed Urug
 24277 | Lair:2   | Found a staircase to the Snake Pit.
 24633 | Lair:3   | Reached skill level 6 in Invocations
 25791 | Lair:4   | Found a staircase to the Swamp.
 25812 | Lair:4   | Noticed an eight-headed hydra
 25868 | Lair:4   | Killed an eight-headed hydra
 25868 | Lair:4   | Received a gift from Okawaru
 26966 | Lair:4   | Noticed a catoblepas
 27049 | Lair:4   | Killed a catoblepas
 27438 | Lair:5   | Noticed an eight-headed hydra
 27563 | Lair:4   | Reached XP level 14. HP: 56/113 MP: 19/19
 27686 | Lair:5   | Received a gift from Okawaru
 27794 | Lair:5   | Found a frozen archway.
 27829 | IceCv    | Entered an ice cave
 27862 | IceCv    | Noticed ThereIsNoGod's ghost (journeyman MiGl)
 28496 | Lair:5   | Reached skill level 12 in Maces & Flails
 28993 | Lair:6   | Entered Level 6 of the Lair of Beasts
 29121 | Lair:6   | Found a radiant altar of Vehumet.
 30060 | Lair:6   | Found a viscous altar of Jiyva.
 30060 | Lair:6   | Found a staircase to the Slime Pits.
 30317 | Lair:6   | Reached skill level 12 in Armour
 30744 | Lair:6   | Reached skill level 9 in Invocations
 30927 | Lair:6   | Reached skill level 1 in Evocations
 31173 | Lair:6   | Received a gift from Okawaru
 31174 | Lair:6   | Got a pitted flail {god gift}
 31175 | Lair:6   | Identified the +7 flail of Armageddon {god gift, flame, Str+3} (Okawaru gifted it to you on level 6 of the Lair of Beasts)
 32098 | D:12     | Noticed Larmestyx's ghost (journeyman TrMo)
 32114 | D:12     | Killed Larmestyx's ghost
 32114 | D:12     | Reached skill level 12 in Fighting
 32165 | D:12     | Noticed asdu's ghost (novice DDAK)
 32204 | D:12     | Killed asdu's ghost
 32358 | D:12     | Reached skill level 3 in Evocations
 32358 | D:12     | Reached XP level 15. HP: 78/120 MP: 21/21
 33351 | D:13     | Received a gift from Okawaru
 34240 | D:13     | Identified a +1 pair of boots of running (You found it on level 6 of the Lair of Beasts)
 34486 | D:14     | Noticed Frances
 34657 | D:14     | Killed Frances
 34942 | D:14     | Found a gate to the Vaults.
 35079 | D:14     | Found a corrupted altar of Lugonu.
 35501 | D:14     | Reached skill level 6 in Shields
 35779 | D:14     | Reached skill level 6 in Evocations
 35798 | D:15     | Entered Level 15 of the Dungeon
 35944 | D:15     | Found a staircase to the Depths.
 35944 | D:15     | Noticed a fire giant
 36086 | D:15     | Reached ****** piety under Okawaru
 36115 | D:15     | Got a brightly glowing great sword
 36116 | D:15     | Identified the +4 great sword of Dishonesty {elec, *Corrode Int-5 Dex+5 SInv} (You found it on level 15 of the Dungeon)
 36254 | D:15     | Received a gift from Okawaru
 36455 | D:15     | Killed a fire giant
 36501 | D:15     | Reached XP level 16. HP: 91/130 MP: 22/22
 37150 | Orc:1    | Entered Level 1 of the Orcish Mines
 37214 | Orc:1    | Found Dist's Food Shoppe.
 37309 | Orc:1    | Found Cykitofokk's Gadget Shoppe.
 37328 | Orc:1    | Found Yheghuo's Jewellery Emporium.
 37359 | Orc:1    | Bought an uncursed ring of poison resistance for 280 gold pieces
 37368 | Orc:1    | Found Jiuvvoq's Weapon Emporium.
 37700 | Orc:2    | Entered Level 2 of the Orcish Mines
 37763 | Orc:2    | Found a staircase to the Elven Halls.
 38030 | Orc:2    | Found a roughly hewn altar of Beogh.
 39413 | Orc:2    | Received a gift from Okawaru
 39871 | Orc:2    | Found Wiasos's Antique Armour Boutique.
 39872 | Orc:2    | Found Kualepn's Antique Weapon Boutique.
 39874 | Orc:2    | Found Boeluk's General Store.
 39874 | Orc:2    | Found Ezyqeoc's Book Shop.
 39917 | Orc:2    | Bought a scroll of magic mapping for 38 gold pieces
 39917 | Orc:2    | Bought a scroll of enchant weapon for 82 gold pieces
 40263 | Snake:1  | Entered Level 1 of the Snake Pit
 40695 | Snake:1  | Reached skill level 9 in Shields
 41447 | Snake:1  | Reached skill level 9 in Evocations
 41488 | Snake:1  | Reached XP level 17. HP: 136/139 MP: 23/23
 42635 | Snake:2  | Received a gift from Okawaru
 42940 | Snake:2  | Killed from afar by a shock serpent

Skill      XL: |  1  2  3  4  5  6  7  8  9 10 11 12 13 14 15 16 17 |
---------------+----------------------------------------------------+-----
Maces & Flails | 1 2 3 4 5 6 8 9 10 11 12 13 14 | 14.7
Shields        | 2 3 4 6 9 10 | 10.2
Dodging        | 2 3 5 6 8 9 10 11 | 11.2
Fighting       | 2 4 5 7 9 10 11 12 13 14 | 14.6
Armour         | 2 3 5 7 9 10 11 12 | 12.6
Invocations    | 5 7 9 |  9.0
Evocations     | 3 6 9 |  9.3
Short Blades   | |  1.2
Stealth        | |  3.6
Spellcasting   | |  2.1
Hexes          | |  3.6

Action                   |  1- 3 |  4- 6 |  7- 9 | 10-12 | 13-15 | 16-18 || total
-------------------------+-------+-------+-------+-------+-------+-------++-------
Melee: Club              |   136 |   213 |       |       |       |       ||   349
       Dagger            |     9 |       |       |       |       |       ||     9
       Whip              |       |   147 |   965 |   646 |       |       ||  1758
       Mace              |       |       |       |   878 |   819 |       ||  1697
       Quarterstaff      |       |       |       |       |   338 |       ||   338
       Morningstar       |       |       |       |       |   101 |       ||   101
       Broad axe         |       |       |       |       |    63 |       ||    63
       Flail             |       |       |       |       |   563 |   704 ||  1267
       Demon trident     |       |       |       |       |    35 |       ||    35
       Great mace        |       |       |       |       |       |   259 ||   259
 Fire: Blowgun           |       |       |       |       |     1 |       ||     1
Throw: Javelin           |     6 |    18 |     6 |     3 |     1 |       ||    34
       Throwing net      |       |       |       |       |       |     4 ||     4
Invok: Heroism           |       |       |       |    28 |    42 |    19 ||    89
       Finesse           |       |       |       |       |     2 |     1 ||     3
 Abil: Dig               |       |     5 |    25 |    44 |    60 |    35 ||   169
       Shaft Self        |       |       |     3 |       |       |       ||     3
       Evoke Invisibilit |       |       |       |     4 |     5 |     3 ||    12
Evoke: Wand              |       |       |       |     6 |     1 |       ||     7
  Use: Potion            |       |     4 |     1 |     6 |     3 |       ||    14
       Scroll            |       |     2 |       |    11 |    13 |    10 ||    36
 Stab: Sleeping          |     3 |     2 |     4 |     2 |       |       ||    11
       Distracted        |     1 |       |       |     1 |       |       ||     2
       Invisible         |       |       |       |    20 |    15 |    15 ||    50
  Eat: Chunk             |     3 |    10 |    21 |    39 |    61 |    25 ||   159
       Meat ration       |       |     1 |     1 |     2 |       |       ||     4
       Fruit             |       |       |     2 |     4 |       |       ||     6
       Bread ration      |       |       |     1 |       |       |       ||     1
       Royal jelly       |       |       |       |     2 |       |     3 ||     5
Armor: Robe              |    40 |     5 |       |       |       |       ||    45
       Ring mail         |       |    81 |   167 |   194 |       |       ||   442
       Chain mail        |       |       |       |   205 |   874 |       ||  1079
       Skin              |       |       |       |    55 |       |       ||    55
       Plate armour      |       |       |       |       |    18 |   239 ||   257
Dodge: Dodged            |    99 |   161 |   337 |   674 |   991 |   227 ||  2489
Block: Buckler           |       |    51 |   140 |   289 |   373 |       ||   853
       Shield            |       |       |       |       |   118 |   482 ||   600
